 Dungeon Crawl Stone Soup version 0.24.0-125-gc4c63601f3 (webtiles) character file.

Game seed: 17967239463347101321, levelgen mode: deterministic

310236 Frank2 the Warrior (level 20, -2/182 HPs)
             Began as a Demonspawn Gladiator on Mar 11, 2020.
             Was the Champion of Ashenzari.
             Slain by a tengu reaver
             ... wielding a +3 great mace of holy wrath
             ... led by Sojobo
              (22 damage)
             ... on level 2 of the Vaults on Mar 12, 2020.
             The game lasted 02:16:20 (50659 turns).

Frank2 the Warrior (Demonspawn Gladiator)          Turns: 50659, Time: 02:16:20

Health: -2/182     AC: 26    Str: 29    XL:     20   Next: 39%
Magic:  32/32      EV: 30    Int: 11    God:    Ashenzari [******]
Gold:   2427       SH:  0    Dex: 25    Spells: 19/19 levels left

rFire    + + .     SeeInvis +   Q - +7 great mace (freeze) (curse)
rCold    . . .     Gourm    .   (shield currently unavailable)
rNeg     + + .     Faith    .   x - +5 scale mail of the Unbroken {rCorr Str+7 Int-2} (curse)
rPois    +         Spirit   .   c - +2 helmet (curse)
rElec    .         Reflect  .   t - +2 cloak {rPois} (curse)
rCorr    +         Harm     .   (no gloves)
MR       ++++.     Clarity  +   (no boots)
Stlth    ++........             d - amulet of the Four Winds {rN+ MR+++ Clar} (curse)
HPRegen  0.80/turn              A - ring of Niruol {rF+ Str+5 Int+2 Dex+4} (curse)
MPRegen  0.23/turn              D - ring "Ihihiaf" {+Inv rN+ EV+5 Int+3 Stlth-}

@: flying (expiring), studying Armour
A: hooves 2, molten scales 3, dopey 1, foul stench 2, mutation resistance 1,
nightstalker 2, regeneration 1, robust 1, rot immunity
}: 2/15 runes: decaying, gossamer
a: Curse Item, Scrying, Transfer Knowledge, Renounce Religion, Evoke
Invisibility


You were on level 2 of the Vaults.
You worshipped Ashenzari.
Ashenzari was exalted by your worship.
You were not hungry.

You visited 9 branches of the dungeon, and saw 38 of its levels.
You visited the Abyss 1 time.
You visited 1 bazaar.
You also visited: Ice Cave.

You collected 5388 gold pieces.
You spent 2961 gold pieces at shops.

Inventory:

Hand Weapons
 H - a +2 demon whip of electrocution
 Q - a cursed +7 great mace of freezing (weapon)
Armour
 c - a cursed +2 helmet (worn)
 t - a cursed +2 cloak of poison resistance (worn)
 x - the cursed +5 scale mail of the Unbroken (worn) {rCorr Str+7 Int-2}
   (You found it on level 9 of the Dungeon)

   It affects your strength (+7).
   It affects your intelligence (-2).
   It provides partial protection from all sources of acid and corrosion.
   It has a curse placed upon it.
 Z - the +8 plate armour of the Fiddle {rC+ Int+6}
   (You found it on level 3 of the Elven Halls)

   It affects your intelligence (+6).
   It protects you from cold.
Jewellery
 d - the cursed amulet of the Four Winds (around neck) {rN+ MR+++ Clar}
   (You found it on level 12 of the Dungeon)

   [amulet of nothing]

   It protects you from negative energy.
   It affects your resistance to hostile enchantments.
   It protects you against confusion.
   It has a curse placed upon it.
 h - a +3 ring of evasion
 k - an uncursed ring of ice
 z - the amulet "Jistaxu" {Faith rF++}
   (You took it off a deep elf demonologist on level 3 of the Elven Halls)

   [amulet of faith]

   It allows you to gain divine favour quickly.
   It greatly protects you from fire.
 A - the cursed ring of Niruol (left hand) {rF+ Str+5 Int+2 Dex+4}
   (You acquired it on level 1 of the Spider Nest)

   [ring of strength]

   It affects your strength (+5).
   It affects your intelligence (+2).
   It affects your dexterity (+4).
   It protects you from fire.
   It has a curse placed upon it.
 D - the ring "Ihihiaf" (right hand) {+Inv rN+ EV+5 Int+3 Stlth-}
   (You found it on level 2 of the Spider Nest)

   [ring of evasion]

   It affects your evasion (+5).
   It affects your intelligence (+3).
   It protects you from negative energy.
   It lets you turn invisible.
   It makes you less stealthy.
 N - the amulet of Peni {Harm *Drain rElec MR+ Dex+5}
   (You found it on level 2 of the Spider Nest)

   [amulet of harm]

   It increases damage dealt and taken.
   It affects your dexterity (+5).
   It insulates you from electricity.
   It affects your resistance to hostile enchantments.
   It causes draining when unequipped.
 O - an uncursed ring of fire
Wands
 b - a wand of enslavement (21)
 i - a wand of disintegration (12)
 o - a wand of clouds (5)
 B - a wand of flame (52)
 C - a wand of iceblast (10)
 F - a wand of paralysis (11)
 P - a wand of acid (10)
Scrolls
 g - 12 scrolls of remove curse
 m - 16 scrolls of teleportation
 n - 2 scrolls of magic mapping
 p - 23 scrolls of identify
 v - 4 scrolls of fog
 w - 5 scrolls of enchant armour
 T - a scroll of silence
Potions
 e - 4 potions of agility
 j - 5 potions of lignification
 l - 2 potions of cancellation
 r - 4 potions of haste
 s - 4 potions of curing
 u - 2 potions of heal wounds
 I - a potion of berserk rage
 L - 3 potions of mutation
 R - 2 potions of resistance
 S - a potion of ambrosia
Books
 U - a manual of Armour
Miscellaneous
 a - a box of beasts
 E - a lamp of fire
 G - a sack of spiders
 K - a lamp of fire
 X - 2 phantom mirrors
Comestibles
 f - 61 rations


   Skills:
 + Level 16.6 Fighting
   Level 15.7(17.7) Axes
 * Level 14.3(21.4) Maces & Flails
 - Level 1.7 Throwing
 + Level 12.5(15.2) Armour
 + Level 11.7(14.4) Dodging
 * Level 16.0(18.5) Evocations


You had 19 spell levels left.
You didn't know any spells.
Your spell library contained the following spells:

 Spells                   Type           Power        Failure   Level  Hunger
 Confusing Touch          Hex            #.....       45%         1    ##.....
 Flame Tongue             Conj/Fire      #....        45%         1    ##.....
 Freeze                   Ice            #...         45%         1    ##.....
 Magic Dart               Conj           #...         45%         1    ##.....
 Shock                    Conj/Air       #...         45%         1    ##.....
 Summon Butterflies       Summ           #.......     45%         1    ##.....
 Call Imp                 Summ           #.......     58%         2    ###....
 Slow                     Hex            #.......     58%         2    ###....
 Blink                    Tloc           N/A          61%         2    ###....
 Corpse Rot               Necr           N/A          61%         2    ###....
 Ensorcelled Hibernation  Hex/Ice        #.....       61%         2    ###....
 Passwall                 Tmut/Erth      #.......     61%         2    ###....
 Sublimation of Blood     Necr           #.........   61%         2    ###....
 Swiftness                Chrm/Air       #.......     61%         2    ###....
 Throw Flame              Conj/Fire      #.....       61%         2    ###....
 Throw Frost              Conj/Ice       #.....       61%         2    ###....
 Call Canine Familiar     Summ           #.......     83%         3    ####...
 Confuse                  Hex            #.......     83%         3    ####...
 Conjure Flame            Conj/Fire      #.......     83%         3    ####...
 Gell's Gravitas          Tloc           #.........   83%         3    ####...
 Inner Flame              Hex/Fire       #.......     83%         3    ####...
 Mephitic Cloud           Conj/Pois/Air  #.......     83%         3    ####...
 Ozocubu's Armour         Chrm/Ice       #.......     83%         3    ####...
 Recall                   Summ/Tloc      N/A          83%         3    ####...
 Static Discharge         Conj/Air       #.......     83%         3    ####...
 Stone Arrow              Conj/Erth      #.....       83%         3    ####...
 Summon Guardian Golem    Hex/Summ       #.......     83%         3    ####...
 Airstrike                Air            #.........   99%         4    #####..
 Animate Dead             Necr           N/A          99%         4    #####..
 Fulminant Prism          Conj/Hex       #.........   99%         4    #####..
 Iskenderun's Mystic Bla  Conj           #.......     99%         4    #####..
 Leda's Liquefaction      Hex/Erth       #.........   99%         4    #####..
 Passage of Golubria      Tloc           N/A          99%         4    #####..
 Petrify                  Tmut/Erth      #.......     99%         4    #####..
 Sticky Flame             Conj/Fire      #.......     99%         4    #####..
 Summon Ice Beast         Ice/Summ       #.......     99%         4    #####..
 Throw Icicle             Conj/Ice       #.......     99%         4    #####..
 Agony                    Necr           #.......     100%        5    ######.
 Bolt of Draining         Conj/Necr      #.........   100%        5    ######.
 Bolt of Magma            Conj/Fire/Erth #.........   100%        5    ######.
 Borgnjor's Vile Clutch   Necr/Erth      #.........   100%        5    ######.
 Dispel Undead            Necr           #.......     100%        5    ######.
 Excruciating Wounds      Chrm/Necr      #.........   100%        5    ######.
 Fireball                 Conj/Fire      #.........   100%        5    ######.
 Irradiate                Conj/Tmut      #.........   100%        5    ######.
 Iskenderun's Battlesphe  Conj/Chrm      #.......     100%        5    ######.
 Lee's Rapid Deconstruct  Erth           #.........   100%        5    ######.
 Lightning Bolt           Conj/Air       #.........   100%        5    ######.
 Metabolic Englaciation   Hex/Ice        #.........   100%        5    ######.
 Silence                  Hex/Air        #.........   100%        5    ######.
 Summon Mana Viper        Hex/Summ       #.......     100%        5    ######.
 Venom Bolt               Conj/Pois      #.........   100%        5    ######.
 Yara's Violent Unravell  Hex/Tmut       #.........   100%        5    ######.
 Bolt of Fire             Conj/Fire      #.........   100%        6    #######
 Darkness                 Hex            #.........   100%        6    #######
 Death Channel            Necr           #.........   100%        6    #######
 Hydra Form               Tmut           #.........   100%        6    #######
 Invisibility             Hex            #.......     100%        6    #######
 Iron Shot                Conj/Erth      #.........   100%        6    #######
 Shadow Creatures         Summ           N/A          100%        6    #######
 Simulacrum               Ice/Necr       #.........   100%        6    #######
 Statue Form              Tmut/Erth      #........    100%        6    #######
 Dragon Form              Tmut           #.........   100%        7    #######
 Malign Gateway           Summ/Tloc      #.........   100%        7    #######
 Monstrous Menagerie      Summ           #.........   100%        7    #######
 Orb of Destruction       Conj           #.........   100%        7    #######
 Spellforged Servitor     Conj/Summ      #.........   100%        7    #######
 Summon Greater Demon     Summ           #.........   100%        7    #######
 Summon Hydra             Summ           #.........   100%        7    #######
 Summon Horrible Things   Summ           #.........   100%        8    #######
 Shatter                  Erth           #.........   100%        9    #######


Dungeon Overview and Level Annotations

Branches:
Dungeon (15/15)            Temple (1/1) D:4            Lair (6/6) D:10
  Swamp (4/4) Lair:3       Spider (4/4) Lair:2        Slime (0/5) Lair:6
    Orc (2/2) D:10            Elf (3/3) Orc:2        Vaults (2/5) D:14
 Depths (1/5) D:15          IceCv (visited)
  Crypt: Vaults:2-3

Altars:
Ashenzari
Cheibriados
Dithmenos
Elyvilon
Fedhas
Gozag
Hepliaklqana
Kikubaaqudgha
Makhleb
Nemelex Xobeh
Okawaru
Qazlal
Ru
Sif Muna
Trog
Uskayaw
Vehumet
Wu Jian
Xom
Yredelemnul
Zin
The Shining One
Jiyva

Shops:
D:11 !   D:14 ?   Orc:2 [?!   Elf:1 !   Elf:2 :

Annotations:
D:14 2 runed translucent doors, dogstar's ghost, journeyman GnWn
Lair:5 exclusion: oklob plant
Swamp:1 Roxanne
Swamp:2 1 runed translucent door, Ricegish's ghost, adept GnFi
Vaults:2 Sojobo
Abyss:1 Arachne; Louise


Innate Abilities, Weirdness & Mutations

You have hoof-like feet.
You are completely covered in molten scales. (AC +4, rF+)
You frequently emit foul miasma when damaged in melee.
You are significantly more attuned to the shadows.
You are immune to rotting.
You are dopey. (Int -2)
You are somewhat resistant to further mutation.
Your natural rate of healing is unusually fast.
You are robust. (+10% HP)


Message History

The air elemental barely misses you. The air elemental misses you.
The air elemental completely misses you.
Unknown command.
Evoke which item? (* to show all) (? for menu, Esc to quit)
Okay, then.
As you read the scroll of fear, it crumbles to dust.
You assume a fearsome visage.
Sojobo resists with almost no effort.
The air elemental is unaffected.
The tengu reaver looks frightened!
The air elemental is unaffected.
You are engulfed in raging winds.
* * * LOW HITPOINT WARNING * * *
The air elemental's attack snaps the tengu reaver out of its fear.
The air elemental hits you but does no damage.
The air elemental hits you.
* * * LOW HITPOINT WARNING * * *
The air elemental barely misses you. Sojobo misses you.
Sojobo barely misses you. Sojobo completely misses you.
The tengu reaver hits you with a +3 great mace of holy wrath!!
* * * LOW HITPOINT WARNING * * *
You convulse!!
You die...

, * *
*######....#
,,* #....# ,,,
#....# ,,,,
#))..# ,,,
#))..# ,,
#....# ,
#§§§§# ,, ,*
#§E§§# ,,,
#@Q☼○# ,,,,
#EQ§§# ,
#§§§§# , ,,*
** * *#§§§§# ,
,,, ,,, ,
§§§§§# ,, ,
,,,,,,,...§§.#
,,,, ,,, ,
......# , , ,,
,,,, , ,,,,
,,, ,, , , ,,,
*


You could see Sojobo, a tengu reaver and 2 air elementals.

Vanquished Creatures
  Saint Roka (Orc:2)
  Bai Suzhen (Spider:3)
  Jorgrun (D:15)
  Rupert (Lair:6)
  2 deep elf blademasters (Elf:3)
  A deep elf master archer (Elf:3)
  A sphinx (Elf:3)
  A thorn hunter (Swamp:4)
  2 tengu reavers
  The ghost of Sverke the Peltast, an adept GrMo of the Shining One (Swamp:3)
  5 deep elf sorcerers
  A balrug (Abyss:2)
  The ghost of jujuben the Executioner, a journeyman HOGl of Okawaru (Orc:1)
  2 deep elf elementalists (Elf:3)
  4 ghost moths (Spider:4)
  Aizul (Spider:3)
  A reaper (IceCv)
  An ironheart preserver (Vaults:1)
  7 entropy weavers
  6 deep elf annihilators (Elf:3)
  Azrael (Elf:2)
  2 spark wasps (Spider:4)
  7 deep elf demonologists (Elf:3)
  The ghost of dogstar the Protected, a journeyman GnWn of Gozag (Lair:2)
  Snorg (D:11)
  10 deep elf death magi
  2 fire dragons
  2 deep elf high priests (Elf:3)
  23 hydras
  Harold (D:9)
  4 vault guards (D:14)
  A yaktaur captain (Vaults:1)
  A hell beast (Elf:3)
  An ice dragon (Vaults:2)
  A ghost crab (Swamp:2)
  3 catoblepae (Lair:6)
  An ogre mage (Vaults:1)
  2 shambling mangroves
  6 centaur warriors
  6 alligators
  A queen ant (Spider:1)
  4 two-headed ogres
  3 orc high priests (Orc:2)
  9 death yaks (Lair:6)
  A shock serpent (shapeshifter) (D:15)
  Urug (D:11)
  26 dancing weapons
  3 thrashing horrors (Abyss:2)
  21 deep elf knights
  A fire crab (shapeshifter) (Vaults:1)
  A sun demon (Abyss:2)
  A wretched star (Abyss:2)
  4 skeletal warriors (Vaults:2)
  2 large abominations (Abyss:2)
  2 spriggan druids
  4 unseen horrors
  A spatial maelstrom (Abyss:2)
  15 deep elf archers
  A flayed ghost (Vaults:1)
  3 ironbrand convokers (Vaults:1)
  7 harpies
  10 orc knights
  5 swamp dragons
  A wizard (Vaults:1)
  A necromancer (Vaults:1)
  16 orb spiders
  4 oklob plants (Lair:3)
  56 deep elf magi
  23 ugly things
  26 wolf spiders
  7 orc sorcerers
  9 cyclopes
  9 manticores
  2 moths of wrath
  2 ice statues (IceCv)
  Maurice (D:9)
  5 elephants (Lair:6)
  A smoke demon (Abyss:2)
  6 vault sentinels (Vaults:1)
  A black mamba (shapeshifter) (D:15)
  22 spiny frogs
  6 black mambas
  3 torpor snails
  4 centaur skeletons
  An efreet (D:13)
  4 rime drakes
  10 ice devils (IceCv)
  5 yaktaurs
  15 komodo dragons
  A tengu conjurer (D:14)
  10 demonic crawlers
  A red devil (Abyss:2)
  2 jumping spiders (shapeshifter)
  15 hornets
  5 trolls
  A troll (shapeshifter) (D:15)
  11 tyrant leeches
  29 jumping spiders
  12 blink frogs (Lair:6)
  A hornet (shapeshifter) (Vaults:2)
  5 bog bodies
  A human simulacrum (Vaults:1)
  A blink frog (shapeshifter) (Elf:3)
  16 hippogriffs
  A meliai zombie (D:12)
  5 raiju (Abyss:2)
  37 slime creatures
  A stone giant simulacrum (Vaults:1)
  4 shadows
  Sigmund (D:3)
  2 air elementals
  27 tarantellas
  2 water elementals
  53 redbacks
  7 spriggans
  9 fire elementals
  3 wraiths
  9 wyverns
  3 golden eyes (Abyss:2)
  2 basilisks
  52 yaks
  5 hungry ghosts
  12 vampire mosquitoes
  2 small abominations
  A steam dragon (D:7)
  A harpy simulacrum (D:11)
  15 swamp worms
  Menkaure (D:7)
  2 wargs (Vaults:2)
  14 insubstantial wisps
  2 acid dragons
  28 soldier ants
  2 hell hounds
  A spatial vortex (Abyss:2)
  10 water moccasins
  14 porcupines
  Duvessa (D:7)
  8 swamp drakes
  An orc zombie (Vaults:1)
  3 sky beasts
  An eye of draining (D:13)
  2 ice beasts
  26 orc warriors
  5 phantoms
  2 black bears
  An ice beast (shapeshifter) (Elf:3)
  6 boggarts
  15 centaurs
  10 wolves
  13 ogres
  14 crocodiles
  A human zombie (Vaults:1)
  19 bullfrogs
  4 earth elementals
  Dowan (D:7)
  7 scorpions
  A water moccasin skeleton (D:6)
  11 killer bees (D:7)
  6 wights
  4 howler monkeys
  8 electric eels
  13 crimson imps
  A bullfrog zombie (D:9)
  6 centaur zombies
  4 hounds
  A quasit (Abyss:2)
  A wyvern simulacrum (D:14)
  13 orc priests
  2 jellies (D:8)
  Crazy Yiuf (D:2)
  A bullfrog skeleton (D:13)
  An iron imp (Abyss:2)
  Jessica (D:3)
  Ijyb (D:5)
  6 iguanas
  21 orc wizards
  29 worker ants
  2 spectral orcs (Orc:1)
  A hound skeleton (D:11)
  2 worker ant zombies
  7 gnolls
  16 adders
  An ogre simulacrum (Orc:1)
  5 shadow imps
  8 white imps
  7 ufetubi (IceCv)
  An ooze (D:4)
  2 orc simulacra (Orc:1)
  An adder zombie (D:5)
  2 adder skeletons (D:4)
  4 worms
  4 dart slugs
  5 leopard geckos
  91 orcs
  6 giant cockroaches
  14 goblins
  5 hobgoblins
  13 jackals
  5 quokkas
  A ball python (D:8)
  8 bats
  7 frilled lizards
  11 kobolds
  A leopard gecko zombie (D:6)
  2 quokka skeletons
  A quokka zombie (D:6)
  10 rats
  A crawling corpse (Elf:3)
  A fungus (D:10)
1439 creatures vanquished.

Vanquished Creatures (collateral kills)
  the Lernaean hydra (Swamp:4)
  A deep elf demonologist (Elf:3)
  3 hydras
  2 jumping spiders (Spider:2)
  A swamp drake (Swamp:4)
  A crimson imp (D:14)
  An orc priest (Orc:2)
  An orc (Orc:2)
11 creatures vanquished.

Vanquished Creatures (others)
  A deep elf sorcerer (Elf:3)
  2 emperor scorpions (Spider:4)
  An ettin (Vaults:1)
  A deep elf death mage (Elf:3)
  2 alligators (Swamp:4)
  2 dancing weapons (Elf:2)
  3 deep elf knights
  A spriggan druid (Swamp:4)
  A swamp dragon (Swamp:4)
  A deep elf archer (Elf:3)
  2 wolf spiders
  5 deep elf magi
  An ugly thing (Vaults:1)
  A manticore (Elf:3)
  A moth of wrath (Spider:3)
  A rime drake (Lair:4)
  2 demonic crawlers (Spider:4)
  2 hornets
  3 jumping spiders
  A tyrant leech (Swamp:4)
  4 redbacks
  2 tarantellas
  A wyvern (Lair:4)
  A fire elemental (Elf:2)
  A spatial vortex (Abyss:2)
  An orc warrior (Orc:2)
  3 swamp drakes (Swamp:4)
  An earth elemental (Abyss:2)
  A small abomination (Abyss:2)
  An orc priest (Orc:2)
  2 white imps (IceCv)
  4 ufetubi (IceCv)
  A ball lightning (Spider:2)
  A crawling corpse (Elf:3)
  9 fungi
  12 plants
79 creatures vanquished.

Grand Total: 1529 creatures vanquished

Notes
Turn   | Place    | Note
-------+----------+-------------------------------------------
     0 | D:1      | Frank2 the Demonspawn Gladiator began the quest for the
                  | Orb.
     0 | D:1      | Reached XP level 1. HP: 16/16 MP: 1/1
    95 | D:1      | Gained mutation: You are slightly more attuned to the
                  | shadows. [demonic ancestry]
    95 | D:1      | Reached XP level 2. HP: 12/22 MP: 2/2
   416 | D:1      | Gained mutation: You are significantly more attuned to the
                  | shadows. [demonic ancestry]
   416 | D:1      | Reached XP level 3. HP: 14/27 MP: 3/3
  1263 | D:2      | Reached skill level 1 in Armour
  1438 | D:2      | Found a runed translucent door.
  1440 | D:2      | Noticed Crazy Yiuf
  1617 | D:2      | Reached XP level 4. HP: 13/33 MP: 4/4
  2113 | D:2      | Killed Crazy Yiuf
  2397 | D:3      | Found a radiant altar of Vehumet.
  2452 | D:3      | Noticed Jessica
  2460 | D:3      | Killed Jessica
  2460 | D:3      | Gained mutation: You are immune to rotting. [demonic
                  | ancestry]
  2460 | D:3      | Reached XP level 5. HP: 39/39 MP: 5/5
  2851 | D:3      | Found an iron altar of Okawaru.
  2876 | D:3      | Found a glowing silver altar of Zin.
  3042 | D:3      | Noticed Sigmund
  3057 | D:3      | Killed Sigmund
  3057 | D:3      | Reached skill level 5 in Maces & Flails
  3057 | D:3      | Gained mutation: You are partially covered in molten
                  | scales. (AC +2) [demonic ancestry]
  3057 | D:3      | Reached XP level 6. HP: 37/47 MP: 6/6
  3111 | D:4      | Found a staircase to the Ecumenical Temple.
  3547 | D:4      | Gained mutation: You have large cloven feet. [demonic
                  | ancestry]
  3547 | D:4      | Reached XP level 7. HP: 33/52 MP: 7/7
  3615 | D:4      | Found a stormy altar of Qazlal.
  3906 | Temple   | Entered the Ecumenical Temple
  3982 | Temple   | Became a worshipper of Ashenzari the Shackled
  4024 | D:5      | Entered Level 5 of the Dungeon
  4089 | D:5      | Noticed Ijyb
  4100 | D:5      | Killed Ijyb
  4380 | D:5      | Reached skill level 1 in Evocations
  4599 | D:5      | Gained mutation: You are mostly covered in molten scales.
                  | (AC +3) [demonic ancestry]
  4599 | D:5      | Reached XP level 8. HP: 48/60 MP: 8/8
  5266 | D:6      | Found a burning altar of Makhleb.
  5266 | D:6      | Found a shimmering altar of Xom.
  6130 | D:6      | Gained mutation: You have hoof-like feet. [demonic
                  | ancestry]
  6130 | D:6      | Reached XP level 9. HP: 64/66 MP: 11/11
  6403 | D:7      | Reached skill level 5 in Armour
  6418 | D:7      | Reached * piety under Ashenzari
  6545 | D:7      | Noticed Menkaure
  6657 | D:7      | Killed Menkaure
  6704 | D:7      | Reached skill level 5 in Fighting
  6761 | D:7      | Noticed Duvessa
  6762 | D:7      | Noticed Dowan
  6783 | D:7      | Killed Duvessa
  6800 | D:7      | Killed Dowan
  7541 | D:7      | Reached skill level 5 in Evocations
  7541 | D:7      | Reached XP level 10. HP: 40/75 MP: 13/13
  7791 | D:8      | Found a hide-covered altar of Uskayaw.
  7871 | D:8      | Found a sacrificial altar of Ru.
  8167 | D:8      | Got the uncursed ring mail "Luediledgh" {Dex+3}
  8178 | D:8      | Identified the +1 ring mail "Luediledgh" {Dex+3} (You found
                  | it on level 8 of the Dungeon)
  8237 | D:8      | Found a glowing golden altar of the Shining One.
  8286 | D:8      | Reached skill level 5 in Dodging
  8376 | D:8      | Noticed a two-headed ogre
  8753 | D:8      | Killed a two-headed ogre
  8861 | D:8      | Reached skill level 10 in Maces & Flails
  8934 | D:9      | Noticed Harold
  9043 | D:9      | Killed Harold
  9048 | D:9      | Noticed Maurice
  9320 | D:9      | Gained mutation: You may emit foul miasma when damaged in
                  | melee. [demonic ancestry]
  9320 | D:9      | Reached XP level 11. HP: 67/83 MP: 15/15
  9358 | D:9      | Killed Maurice
  9517 | D:9      | Noticed a two-headed ogre
  9523 | D:9      | Killed a two-headed ogre
  9567 | D:9      | Got the uncursed scale mail of the Unbroken {rCorr Str+7
                  | Int-2}
  9578 | D:9      | Identified the +5 scale mail of the Unbroken {rCorr Str+7
                  | Int-2} (You found it on level 9 of the Dungeon)
  9598 | D:9      | Found a sparkling altar of Nemelex Xobeh.
 10075 | D:10     | Entered Level 10 of the Dungeon
 10311 | D:10     | Reached ** piety under Ashenzari
 10315 | D:10     | Found a staircase to the Orcish Mines.
 10401 | D:10     | Found a staircase to the Lair.
 10860 | D:11     | Found Bumuleu's Distillery.
 10860 | D:11     | Noticed a purple ugly thing
 10871 | D:11     | Killed a purple ugly thing
 10941 | D:11     | Noticed Urug
 10956 | D:11     | Killed Urug
 11155 | D:11     | Noticed Snorg
 11162 | D:11     | Killed Snorg
 11253 | D:11     | Killed an unseen horror
 11709 | D:12     | Found the amulet of the Four Winds {rN+ MR+++ Clar}
 11727 | D:12     | Found a frozen archway.
 11738 | IceCv    | Entered an ice cave
 11751 | IceCv    | Reached *** piety under Ashenzari
 11866 | IceCv    | Gained mutation: You are completely covered in molten
                  | scales. (AC +4, rF+) [demonic ancestry]
 11866 | IceCv    | Reached XP level 12. HP: 41/92 MP: 17/17
 12925 | IceCv    | Noticed a reaper
 12941 | IceCv    | Killed a reaper
 12947 | IceCv    | Identified the Volume of the Dusty Oath
 14402 | D:12     | Noticed a two-headed ogre
 14406 | D:12     | Killed a two-headed ogre
 15158 | D:13     | Reached XP level 13. HP: 78/101 MP: 19/19
 15491 | D:14     | Found a runed translucent door.
 15943 | Orc:1    | Entered Level 1 of the Orcish Mines
 16650 | Orc:1    | Found a runed translucent gate.
 16651 | Orc:1    | Found a runed translucent gate.
 16702 | Orc:1    | Found a runed translucent gate.
 17098 | Orc:2    | Entered Level 2 of the Orcish Mines
 17122 | Orc:2    | Found a staircase to the Elven Halls.
 17357 | Orc:2    | Noticed Saint Roka
 17876 | Orc:2    | Reached skill level 10 in Fighting
 18349 | Orc:1    | Noticed jujuben's ghost (journeyman HOGl)
 18416 | Lair:1   | Entered Level 1 of the Lair of Beasts
 18813 | Lair:1   | Reached skill level 10 in Evocations
 18829 | Lair:1   | Reached **** piety under Ashenzari
 19802 | Lair:2   | Found a runed translucent door.
 19803 | Lair:2   | Found a shimmering altar of Xom.
 19803 | Lair:2   | Noticed dogstar's ghost (journeyman GnWn)
 20182 | Lair:2   | Found a hole to the Spider Nest.
 21324 | Lair:3   | Found a staircase to the Swamp.
 21726 | Lair:3   | Reached ***** piety under Ashenzari
 21981 | Lair:3   | Reached XP level 14. HP: 111/111 MP: 21/21
 24112 | Lair:6   | Entered Level 6 of the Lair of Beasts
 24154 | Lair:6   | Found a staircase to the Slime Pits.
 24154 | Lair:6   | Found a viscous altar of Jiyva.
 24368 | Lair:6   | HP: 2/113 [yak (12)]
 25534 | Lair:6   | Noticed Rupert
 25718 | Lair:6   | Killed Rupert
 25718 | Lair:6   | Reached skill level 10 in Armour
 25767 | Lair:6   | Identified the +1 robe "Weogiakh" {Regen+ SInv}
 26000 | Lair:6   | Reached XP level 15. HP: 120/120 MP: 23/23
 27263 | Orc:2    | Reached skill level 15 in Maces & Flails
 27264 | Orc:2    | Found Xoasmoap's Weapon Emporium.
 27264 | Orc:2    | Found Comeil's Antique Armour Boutique.
 27282 | Orc:2    | Found Fuwyut's Distillery.
 27282 | Orc:2    | Found Peboesu's Magic Scroll Boutique.
 27289 | Orc:2    | Bought a scroll of enchant armour for 120 gold pieces
 27296 | Orc:2    | Bought a potion of heal wounds for 60 gold pieces
 27296 | Orc:2    | Bought 2 potions of heal wounds for 120 gold pieces
 27296 | Orc:2    | Bought a potion of heal wounds for 60 gold pieces
 27515 | D:14     | Found a shattered altar of Ashenzari.
 27697 | D:14     | Identified the +10 great sword of the Vase {venom, rN+}
 27697 | D:14     | Noticed a tengu reaver
 27752 | D:14     | Found Apteut's Magic Scroll Emporium.
 27760 | D:14     | Bought a scroll of enchant weapon for 105 gold pieces
 28248 | D:14     | Found a gate to the Vaults.
 28306 | D:14     | Identified the amulet of the Invisible Hand {Faith rElec
                  | rPois MP-9}
 28642 | D:14     | Found a runed translucent door.
 28642 | D:14     | Noticed a storm dragon
 28646 | D:14     | Noticed dogstar's ghost (journeyman GnWn)
 28646 | D:14     | Noticed a lich
 29052 | D:15     | Entered Level 15 of the Dungeon
 29096 | D:15     | Identified the Incunabulum of Unholy Arts and Arcane
                  | Weapons
 29298 | D:15     | Noticed Jorgrun
 29313 | D:15     | Killed Jorgrun
 29744 | D:15     | Found a basalt altar of Yredelemnul.
 30126 | D:15     | Found a staircase to the Depths.
 30497 | Lair:2   | Killed dogstar's ghost
 30799 | Swamp:1  | Entered Level 1 of the Swamp
 31324 | Swamp:1  | Gained mutation: You frequently emit foul miasma when
                  | damaged in melee. [demonic ancestry]
 31324 | Swamp:1  | Reached XP level 16. HP: 124/131 MP: 25/25
 31484 | Swamp:1  | Found a shimmering blue altar of Sif Muna.
 31807 | Swamp:1  | Noticed Roxanne
 31988 | Spider:1 | Entered Level 1 of the Spider Nest
 33123 | Spider:1 | Identified a scroll of acquirement
 33123 | Spider:1 | Identified the cursed ring of Niruol {rF+ Str+5 Int+2
                  | Dex+4} (You acquired it on level 1 of the Spider Nest)
 33625 | Spider:2 | Found a transporter.
 34206 | Spider:2 | Found a transporter.
 34207 | Spider:2 | Identified the ring of Kassycvu {rElec rF+ MP+9 Int-2}
 34208 | Spider:2 | Identified the amulet of Peni {Harm *Drain rElec MR+ Dex+5}
 34208 | Spider:2 | Identified the ring "Laakk" {*Tele *Slow +Inv rElec Str+2}
 34208 | Spider:2 | Identified the ring "Ihihiaf" {+Inv rN+ EV+5 Int+3 Stlth-}
 34208 | Spider:2 | Reached ****** piety under Ashenzari
 34396 | Spider:2 | Reached skill level 10 in Dodging
 35079 | Spider:3 | Noticed Bai Suzhen
 35094 | Spider:3 | Noticed Arachne
 35672 | Depths:1 | Entered Level 1 of the Depths
 36585 | Swamp:2  | Found a runed translucent door.
 36590 | Swamp:2  | Identified the +6 spear "Uraf" {pierce, rElec rF+}
 36590 | Swamp:2  | Noticed Ricegish's ghost (adept GnFi)
 36761 | Swamp:2  | Reached XP level 17. HP: 99/140 MP: 27/27
 37658 | Swamp:3  | Found a runed translucent gate.
 37658 | Swamp:3  | Found a runed translucent gate.
 37658 | Swamp:3  | Found a runed translucent gate.
 37659 | Swamp:3  | Noticed Sverke's ghost (adept GrMo)
 38178 | Swamp:3  | Killed Sverke's ghost
 38197 | Swamp:3  | Got the broad axe "Ilud" {distort, MR+}
 38198 | Swamp:3  | Identified the +8 broad axe "Ilud" {distort, MR+} (You
                  | found it on level 3 of the Swamp)
 38353 | Swamp:4  | Entered Level 4 of the Swamp
 38360 | Swamp:4  | Reached skill level 1 in Axes
 38588 | Swamp:4  | Reduced skill Maces & Flails to level 15
 38604 | Swamp:4  | Reached skill level 5 in Axes
 39051 | Swamp:4  | Noticed the 27-headed Lernaean hydra
 39053 | Swamp:4  | Killed the 27-headed Lernaean hydra
 39236 | Swamp:4  | Got a decaying rune of Zot
 39722 | Swamp:4  | Reached skill level 10 in Axes
 40069 | Spider:3 | Killed Bai Suzhen
 40081 | Spider:3 | Noticed Aizul
 40107 | Spider:3 | Killed Aizul
 40399 | Spider:3 | Banished Arachne
 40447 | Spider:3 | Noticed Louise
 40455 | Spider:3 | Banished Louise
 41034 | Spider:4 | Entered Level 4 of the Spider Nest
 41303 | Spider:4 | Reached skill level 15 in Fighting
 41853 | Spider:4 | Reached XP level 18. HP: 104/149 MP: 15/28
 42275 | Spider:4 | Got a gossamer rune of Zot
 42552 | Orc:2    | Killed Saint Roka
 42567 | Elf:1    | Entered Level 1 of the Elven Halls
 43405 | Elf:1    | Found Qeyt's Distillery.
 43411 | Elf:1    | Bought a potion of heal wounds for 85 gold pieces
 43411 | Elf:1    | Bought a potion of heal wounds for 85 gold pieces
 43503 | Elf:1    | Identified the Grimoire of Arcane Weapons and the Escort
 43821 | Elf:2    | Noticed Azrael
 43825 | Elf:2    | Killed Azrael
 44009 | Elf:2    | Found a shimmering blue altar of Sif Muna.
 44045 | Elf:2    | Found Istruz's Book Shop.
 44050 | Elf:2    | Bought a manual of Armour for 1766 gold pieces
 44188 | Elf:2    | Found a huge runed translucent gate.
 44188 | Elf:2    | Found a huge runed translucent gate.
 44188 | Elf:2    | Found a huge runed translucent gate.
 44190 | Elf:2    | Found a huge runed translucent gate.
 44191 | Elf:2    | Found a huge runed translucent gate.
 44605 | Elf:2    | Cast into level 2 of the Abyss (+0 lajatang of distortion)
 44605 | Abyss:2  | Found a corrupted altar of Lugonu.
 44895 | Abyss:2  | Found a corrupted altar of Lugonu.
 44959 | Elf:2    | Escaped the Abyss
 45044 | Elf:2    | Reached skill level 15 in Evocations
 45541 | Elf:2    | Reached XP level 19. HP: 157/157 MP: 30/30
 45674 | Elf:3    | Entered Level 3 of the Elven Halls
 45711 | Elf:3    | Reached skill level 15 in Axes
 46243 | Elf:3    | HP: 1/157 [deep elf master archer/arrow (26)]
 46247 | Elf:3    | Identified the cursed +3 hand axe of the Original Sin
                  | {flame, *Drain +Blink rN++ Int+4}
 46250 | Elf:3    | HP: 6/157 [deep elf master archer/arrow (13)]
 47030 | Elf:3    | Gained mutation: Potions are less effective at restoring
                  | your health. [a cacodemon]
 47199 | Elf:2    | Lost mutation: Potions are less effective at restoring your
                  | health. [potion of mutation]
 47199 | Elf:2    | Gained mutation: Your spells are a little harder to cast,
                  | but a little more powerful. [potion of mutation]
 47199 | Elf:2    | Gained mutation: You have a pair of small antennae on your
                  | head. [potion of mutation]
 47199 | Elf:2    | Lost mutation: Your spells are a little harder to cast, but
                  | a little more powerful. [potion of mutation]
 47199 | Elf:2    | Gained mutation: Your spells are a little harder to cast,
                  | but a little more powerful. [potion of mutation]
 47200 | Elf:2    | Lost mutation: You have a pair of small antennae on your
                  | head. [potion of mutation]
 47200 | Elf:2    | Lost mutation: Your spells are a little harder to cast, but
                  | a little more powerful. [potion of mutation]
 47200 | Elf:2    | Gained mutation: You are robust. (+10% HP) [potion of
                  | mutation]
 47200 | Elf:2    | Gained mutation: You are somewhat resistant to further
                  | mutation. [potion of mutation]
 47200 | Elf:2    | Gained mutation: Your natural rate of healing is unusually
                  | fast. [potion of mutation]
 47303 | Elf:3    | Identified the cursed +1 hand axe of the Fifty Spreadsheets
                  | {vamp, rF+}
 47303 | Elf:3    | Identified the amulet "Jistaxu" {Faith rF++}
 47306 | Elf:3    | Identified the +10 great sword "Iwaom" {slice, *Drain rF+
                  | MR+ Stlth+}
 47333 | Elf:3    | Gained mutation: You are dopey. (Int -2) [mutagenic glow]
 47353 | Elf:3    | Noticed a Brimstone Fiend
 47924 | Elf:3    | Identified the +8 plate armour of the Fiddle {rC+ Int+6}
 48537 | Orc:1    | Killed jujuben's ghost
 48693 | Vaults:1 | Entered Level 1 of the Vaults
 48845 | Vaults:1 | Reached XP level 20. HP: 76/182 MP: 31/31
 50319 | Vaults:2 | Found a flickering gateway to a bazaar.
 50343 | Bazaar   | Entered a bazaar
 50344 | Bazaar   | Found Juecehui's General Store.
 50344 | Bazaar   | Found Haidisa's Antique Weapon Emporium.
 50369 | Bazaar   | Found Wuikhleha's Distillery.
 50375 | Bazaar   | Bought a potion of heal wounds for 55 gold pieces
 50375 | Bazaar   | Bought a potion of heal wounds for 55 gold pieces
 50386 | Bazaar   | Found Qyhuvur's Antique Armour Shoppe.
 50399 | Bazaar   | Found Aproi's Gadget Boutique.
 50405 | Bazaar   | Bought a wand of acid (6) for 180 gold pieces
 50405 | Bazaar   | Bought a phantom mirror for 270 gold pieces
 50646 | Vaults:2 | Noticed Sojobo
 50659 | Vaults:2 | Slain by a tengu reaver

Levels and vault maps discovered:
D:1:      saegor_arrival_simple_a, layout_basic, minmay_split_cup_large
D:2:      layout_loops_cross, uniq_crazy_yiuf_cottage
D:3:      layout_basic, zin_academy, lemuel_doored_altar, okawaru_trees_1,
          uniq_jessica, uniq_sigmund
D:4:      layout_cave_pools, marbit_many_paths, minmay_temple_entry_proselytizer
D:5:      layout_cave_pods, first_ration, uniq_ijyb
D:6:      minmay_skewed_foursquare, layout_rooms,
          grunt_temple_overflow_champion_of_chaos, hex_tiny,
          minmay_misc_feat_hallway
D:7:      layout_rooms, grunt_ogre_cave, uniq_duvessa, uniq_menkaure
D:8:      layout_basic, tso_altar, eat_drink_and_be_merry_uskayaw,
          nicolae_ru_great_annihilating_truth
D:9:      layout_rooms, nemelex_altar_shiori, lightli_corner_chamber,
          uniq_maurice, uniq_harold
D:10:     layout_basic, due_lair_maze_entry_diamond, orc_0_dummy
D:11:     layout_roguey, serial_shops, shop, nrook_uturn, moated_statue,
          uniq_urug, uniq_snorg
D:12:     layout_rooms, portal_ice_cave_entry_pillars_1, serial_glass,
          glass_columns_c, glass_columns_b, glass_columns_a, glass_columns_b,
          glass_columns_a, glass_columns_c, glass_columns_b, glass_columns_a,
          glass_columns_b, glass_columns_c, glass_columns_b, glass_columns_a,
          glass_columns_a, glass_columns_c
D:13:     layout_roguey
D:14:     layout_roguey, lightli_vaults_fourway_checkpoint, serial_shops, shop,
          muffindrake_ghost_dual_entry, evilmike_ruin_ashenzari
D:15:     gammafunk_enter_depths_forms, layout_cave_pools, lemuel_round_altar,
          uniq_jorgrun
Temple:   dshaligram_water_room_temple
Lair:1:   layout_regular_city, beast_lair_carwin_1, lemuel_fruit_tree,
          grunt_megastairs_2
Lair:2:   layout_layer_cave, nicolae_spider_entry_tight_spaces,
          ebering_ghost_xom
Lair:3:   layout_chaotic_city, swamp_mist_pool, serial_bayou_shore_a,
          infiniplex_staircase_pool_2, grunt_megastairs_1,
          minmay_lair_oklob_chamber
Lair:4:   layout_hall_layers, special_room [special_room_mythical_zoo]
Lair:5:   layout_small_grid, chequers_serial_rivers_micro_c,
          grunt_forest_large_clearing_hut, lemuel_fruit_fields, uniq_nessos
Lair:6:   evilmike_catoblepas_cave, layout_regular_city, slime_altar_1,
          uniq_rupert
Swamp:1:  layout_basic_swamp, basic_altar, uniq_roxanne
Swamp:2:  layout_falls_marsh, ebering_ghost_funeral_grove,
          nicolae_swamp_rocky_clearing, infiniplex_staircase_pool
Swamp:3:  layout_basic_swamp, gammafunk_ghost_hydra_chop,
          evilmike_swamp_ruin_house_4, swamp_pool1
Swamp:4:  swamp, layout_basic_swamp
Spider:1: layout_spider_delve, drop_trap, minivault_29
Spider:2: gammafunk_its_a_trap
Spider:3: layout_spider_delve, hangedman_spider_mandibles, uniq_arachne,
          uniq_louise, uniq_aizul, uniq_bai_suzhen
Spider:4: spider_rune_water
Orc:1:    layout_caves, gammafunk_ghost_necromancy
Orc:2:    grunt_orc_tribal_feast, layout_diamond_mine, uniq_saint_roka
Elf:1:    elf_arrival_001, layout_loops_corners, serial_shops, shop,
          minmay_elf_sorcery
Elf:2:    layout_gridlike, serial_shops, nicolae_shop_stone, basic_altar,
          grunt_ministairs_14, uniq_azrael
Elf:3:    grunt_elf_hall_branching, layout_geoelf_castle, special_room
          [special_room_mythical_zoo], columned_hall_lemuel
Vaults:1: grunt_vaults_diagonal, hangedman_vaults_restitches,
          vaults_room_hangedman_quadrants, v_misc_10,
          nicolae_vaults_mini_display_case, vaults_mumra_minichess_inversion,
          v_rooms_2, v_misc_11, v_misc_19, v_misc_24,
          nicolae_vaults_little_squares_6, nicolae_vaults_specimen_jars,
          layout_vaults_omnicross
Vaults:2: v_pattern_3, ontoclasm_vaults_claustrophobia,
          ontoclasm_vaults_ligature, st_squares, hangedman_vaults_slice,
          vaults_dpeg_diagonal, nicolae_vaults_little_squares_4,
          layout_vaults_omnigrid, serial_shops, bzr_entry_gold, uniq_sojobo
Depths:1: layout_cave_pools, enter_ziggurat_b, hangedman_abyss_entry_splay,
          hangedman_coc_ice_floe, dk_noncrumbling_2, evilmike_ambush
          [evilmike_ambush_outer_doors, evilmike_ambush_inner_basic],
          firewood_loft

Skill      XL: |  1  2  3  4  5  6  7  8  9 10 11 12 13 14 15 16 17 18 19 20 |
---------------+-------------------------------------------------------------+-----
Maces & Flails | 3 4 5 6 7 9 10 11 13 14 15 16 12 13 14 | 14.3
Dodging        | 3 4 5 6 7 8 9 10 11 | 11.7
Armour         | 1 2 3 4 5 6 7 8 9 10 11 12 | 12.5
Fighting       | 3 4 5 6 8 9 10 12 13 14 15 16 | 16.6
Evocations     | 1 3 5 6 7 9 10 11 12 13 14 15 16 | 16.0
Axes           | 13 14 15 | 15.7
Throwing       | |  1.7

Action                   |  1- 3 |  4- 6 |  7- 9 | 10-12 | 13-15 | 16-18 | 19-21 || total
-------------------------+-------+-------+-------+-------+-------+-------+-------++-------
Melee: Flail             |   152 |    20 |   137 |   725 |  1499 |   826 |       ||  3359
       Mace              |       |   159 |   264 |       |       |       |       ||   423
       Kick              |       |       |   130 |   331 |   704 |   750 |   328 ||  2243
       Broad axe         |       |       |       |       |       |   727 |   209 ||   936
       Great mace        |       |       |       |       |       |       |   453 ||   453
Throw: Throwing net      |       |       |     6 |     1 |       |       |       ||     7
Invok: Curse Item        |       |       |       |     4 |     1 |       |     1 ||     6
       Transfer Knowledg |       |       |       |       |       |     1 |       ||     1
Evoke: Wand              |       |       |       |    24 |    35 |    78 |    16 ||   153
       Lamp of fire      |       |       |       |     1 |     1 |     2 |     2 ||     6
       Box of beasts     |       |       |       |       |       |     1 |       ||     1
       Phantom mirror    |       |       |       |       |       |     1 |       ||     1
       Sack of spiders   |       |       |       |       |       |       |     1 ||     1
  Use: Scroll            |       |     9 |     6 |    15 |    11 |    11 |     8 ||    60
       Potion            |       |     1 |       |     5 |     8 |     6 |     8 ||    28
 Stab: Sleeping          |     5 |     3 |     7 |    10 |    21 |     9 |       ||    55
       Invisible         |       |     1 |       |     1 |       |       |       ||     2
       Held in net/web   |       |       |     2 |       |       |       |       ||     2
       Distracted        |       |       |     1 |       |     1 |     6 |     1 ||     9
       Paralysed         |       |       |       |     5 |     7 |       |       ||    12
       Confused          |       |       |       |       |       |     1 |       ||     1
  Eat: Chunk             |     2 |     6 |    11 |    20 |    42 |    31 |    11 ||   123
       Ration            |       |       |     1 |     2 |     3 |     5 |     2 ||    13
Armor: Scale mail        |    81 |    70 |   199 |   219 |   539 |   611 |   165 ||  1884
       Leather armour    |     1 |       |       |       |       |       |       ||     1
       Skin              |       |     3 |       |       |       |       |       ||     3
       Ring mail         |       |       |       |    60 |       |       |       ||    60
Dodge: Dodged            |   110 |   128 |   259 |   525 |  1050 |  1838 |   584 ||  4494
